 Seeded DCSS version 0.29.1-12-g30fa7ad0bf (webtiles) character file.

Game seed: 16245865983455551772 (custom seed)

205 hikkokomori the Conjurer (level 5, -7/31 HPs)
             Began as an Octopode Conjurer on Jan 18, 2023.
             Mangled by an ogre
             ... wielding a +0 giant club
              (12 damage)
             ... on level 4 of the Dungeon.
             The game lasted 00:03:23 (3413 turns).

hikkokomori the Conjurer (Octopode Conjurer)        Turns: 3413, Time: 00:03:24

Health: -7/31      AC:  1    Str:  7    XL:     5   Next: 83%
Magic:  9/9        EV: 13    Int: 34    God:
Gold:   2291       SH:  0    Dex: 12    Spells: 9/10 levels left

rFire   . . .      SeeInvis +   b - +5 triple sword "Bow Rouj" {vorpal, rPois rC+ rN+ Dex+2 SInv}
rCold   + . .      Faith    .   (shield currently unavailable)
rNeg    + . .      Spirit   .   (helmet restricted)
rPois   +          Reflect  .   (no amulet)
rElec   .          Harm     .   f - +6 ring of intelligence
rCorr   .          Rampage  .   g - +6 ring of intelligence
Will    .....                   (no ring)
Stlth   +++.......              (no ring)
HPRegen 0.10/turn               (no ring)
MPRegen 0.11/turn               (no ring)
                                (no ring)
                                (no ring)

@: no status effects
A: almost no armour, amphibious, 8 rings, camouflage 1, gelatinous body 1,
(nimble swimmer 1), tentacles
a: no special abilities


You were on level 4 of the Dungeon.
You visited 1 branch of the dungeon, and saw 4 of its levels.

You collected 2291 gold pieces.

Inventory:

Hand Weapons
 b - the +5 triple sword "Bow Rouj" (weapon) {vorpal, rPois rC+ rN+ Dex+2 SInv}
   (You acquired it on level 2 of the Dungeon)

   It inflicts extra damage upon your enemies.
   Dex:       It affects your dexterity (+2).
   rC:        It protects you from cold.
   rPois:     It protects you from poison.
   rN:        It protects you from negative energy.
   SInv:      It lets you see invisible.
 i - a +0 dagger of draining
Jewellery
 f - a +6 ring of intelligence (left tentacle)
 g - a +6 ring of intelligence (right tentacle)
 o - an amulet of regeneration
Wands
 m - a wand of roots (4)
Scrolls
 e - 2 scrolls of teleportation {unknown}
 j - 3 scrolls of identify {unknown}
 k - a scroll of enchant weapon {unknown}
 l - a scroll of summoning {unknown}
 n - a scroll of noise {unknown}
 p - a scroll of immolation {unknown}
Potions
 a - a potion of magic
 c - a potion of flight
 d - a potion of might {unknown}
 h - a potion of lignification {unknown}


   Skills:
 + Level 0.0 Fighting
 + Level 3.8 Long Blades
 - Level 2.1 Dodging
 + Level 3.0 Stealth
 - Level 3.0 Spellcasting
 - Level 4.7 Conjurations


You had 9 spell levels left.
You knew the following spells:

 Your Spells              Type           Power      Damage    Failure   Level
a - Magic Dart            Conj           100%       1d8       1%          1

Your spell library contained the following spells:

 Spells                   Type           Power      Damage    Failure   Level
 Searing Ray              Conj           74%        2d7       1%          2
 Sting                    Tmut/Pois      20%        1d4       5%          1
 Dazzling Flash           Conj/Hex       42%        N/A       6%          3
 Poisonous Vapours        Pois/Air       10%        N/A       9%          2
 Fulminant Prism          Conj/Hex       10%        3d9       21%         4
 Iskenderun's Mystic Bla  Conj/Tloc      21%        2d6       21%         4
 Olgreb's Toxic Radiance  Pois           5%         N/A       47%         4
 Chain Lightning          Conj/Air       10%        3d14      100%        9
 Fire Storm               Conj/Fire      10%        8d3       100%        9
 Shatter                  Erth           2%         3d6*      100%        9


Dungeon Overview and Level Annotations

Branches:
Dungeon (4/15)
 Temple: D:4-7

Altars:

Shops:
D:3 [


Innate Abilities, Weirdness & Mutations

You cannot wear most types of armour.
You are amphibious.
You can wear up to eight rings at the same time.
Your skin changes colour to match your surroundings (Stealth+).
Your rubbery body absorbs attacks. (AC +1, EV +1)
((You are camouflaged when in or above water. (Stealth+)))
You have tentacles for arms and can constrict up to eight enemies at once.


Message History

The goblin shoots a sling bullet.
The sling bullet hits you.
A goblin is nearby!
The goblin shoots a sling bullet.
The sling bullet closely misses you.
The goblin shoots a sling bullet.
The sling bullet hits you.
The goblin unwields a +0 sling.
The goblin wields a +0 club.
The goblin hits you with a +0 club.
You slice the goblin!!
You kill the goblin!
No target in view!
An ogre comes into view. It is wielding a +0 giant club.
An ogre is nearby!
An ogre is nearby!
An ogre is nearby!
The ogre shouts!
You hit the ogre.
The ogre is moderately wounded.
The ogre barely misses you.
You barely miss the ogre.
The ogre is moderately wounded.
The ogre misses you.
You slash the ogre!
The ogre is almost dead.
The ogre closely misses you.
The ogre hits you with a +0 giant club!!
Ouch! That really hurt!
* * * LOW HITPOINT WARNING * * *
You are too injured to fight recklessly!
You closely miss the ogre.
The ogre is almost dead.
The ogre misses you.
You barely miss the ogre. Your squeeze misses the ogre.
The ogre is almost dead.
The ogre misses you.
You barely miss the ogre.
The ogre is almost dead.
The ogre closely misses you.
You completely miss the ogre.
The ogre is almost dead.
The ogre hits you with a +0 giant club!
You die...

#.##.#######.########
#....................
######.#####..##.....#
.................#####
#............#####
..............#
..............#
.......O..$...##
.......@.......#
...(...........#
.............#...
##..........####..
....[...).### #.
#######....# ##...#
###.. ###


You could see an ogre.

Vanquished Creatures
  An orc priest (D:3)
  Jessica (D:2)
  2 orc wizards (D:3)
  Natasha (D:3)
  2 adders
  5 orcs (D:3)
  5 ball pythons
  3 bats
  5 endoplasms
  3 goblins
  7 hobgoblins
  3 quokkas (D:1)
  3 frilled lizards
  4 kobolds
  7 rats
52 creatures vanquished.

Notes
Turn   | Place    | Note
-------+----------+-------------------------------------------
     0 | D:1      | hikkokomori the Octopode Conjurer began the quest for the
                  | Orb.
     0 | D:1      | Reached XP level 1. HP: 11/11 MP: 3/3
   379 | D:1      | Found a faded altar of an unknown god.
   401 | D:1      | Reached XP level 2. HP: 17/17 MP: 1/5
  1257 | D:1      | Reached XP level 3. HP: 21/21 MP: 4/6
  1635 | D:2      | Noticed Jessica
  1639 | D:2      | Killed Jessica
  1640 | D:2      | Reached XP level 4. HP: 27/27 MP: 2/8
  1696 | D:2      | Identified 3 scrolls of acquirement
  1696 | D:2      | Acquired 986 gold pieces
  1697 | D:2      | Acquired 1150 gold pieces
  1698 | D:2      | Acquired the +5 triple sword "Bow Rouj" {vorpal, rPois rC+
                  | rN+ Dex+2 SInv}
  2439 | D:3      | Found Ymmy Ciutu's Antique Armour Shoppe.
  2453 | D:3      | Reached skill level 1 in Long Blades
  2457 | D:3      | Reached XP level 5. HP: 8/31 MP: 9/9
  2960 | D:3      | Noticed Natasha
  2967 | D:3      | Killed Natasha
  3403 | D:4      | Noticed an ogre
  3413 | D:4      | Mangled by an ogre

Illustrated notes

Levels and vault maps discovered:
D:1:      minmay_arrival_hallway, layout_loops_corners, basic_ecumenical_altar,
          minmay_unequal
D:2:      layout_loops_ring, uniq_jessica
D:3:      layout_basic, serial_shops, nicolae_shop_advertising_works
          [nicolae_subvault_shop_adworks], minmay_shallow_snake_nest,
          uniq_natasha
D:4:      layout_rooms, grunt_dithmenos_smoke_and_mirrors,
          makhleb_blood_cavern_becter, slow_altar_1, serial_shops,
          nicolae_square_shop, nicolae_shop_temple_entry_statues_fountains,
          kennysheep_mini_moat, chequers_serial_rivers_large_a,
          minmay_fractal_squares_gapless_5

Skill      XL: |  1  2  3  4  5 |
---------------+----------------+-----
Stealth        | 3 |  3.0
Spellcasting   | 3 |  3.0
Long Blades    | 2 3 |  3.8
Dodging        | |  2.1
Conjurations   | |  4.7

Action                   |  1- 3 |  4- 6 || total
-------------------------+-------+-------++-------
Melee: Unarmed           |     2 |       ||     2
       Tentacles         |     1 |     6 ||     7
       Triple sword      |       |    52 ||    52
       Constrict         |       |     8 ||     8
       Punch             |       |     1 ||     1
 Cast: Magic Dart        |    45 |       ||    45
  Use: Scroll            |       |     3 ||     3
       Potion            |       |     1 ||     1
 Stab: Sleeping          |       |     7 ||     7
       Distracted        |       |     1 ||     1
Armor: Skin              |       |     3 ||     3
Dodge: Dodged            |     4 |    32 ||    36
